 Dungeon Crawl Stone Soup version 0.30-a0-913-g9934a0ce24 (webtiles) character file.

Game seed: 4711650313430785367

170 Pimp the Sneak (level 5, 0/35 HPs)
             Began as a Vampire Enchanter on Mar 19, 2023.
             Slain by Eustachio
             ... wielding a +4 rapier
              (8 damage)
             ... on level 4 of the Dungeon.
             The game lasted 00:06:07 (2684 turns).

Pimp the Sneak (Vampire Enchanter)                  Turns: 2684, Time: 00:06:07

Health: 0/35       AC:  2    Str:  7    XL:     5   Next: 26%
Magic:  9/9        EV: 13    Int: 19    God:
Gold:   154        SH:  0    Dex: 15    Spells: 8/10 levels left

rFire   . . .      SeeInvis +    e - +0 short sword
rCold   . . .      Faith    .    (no shield)
rNeg    . . .      Spirit   .    b - +0 robe
rPois   .          Reflect  .    (no helmet)
rElec   .          Rampage  .    (no cloak)
rCorr   .                        (no gloves)
Will    .....                    (no boots)
Stlth   +++                      (no amulet)
HPRegen 0.45/turn                (no ring)
MPRegen 0.11/turn                (no ring)

@: healing quickly, invisible
A: alive, fangs 3, see invisible, vampiric 2, evolution 1, subdued magic 1
a: Exsanguinate


You were on level 4 of the Dungeon.
You visited 1 branch of the dungeon, and saw 4 of its levels.

You collected 154 gold pieces.

Inventory:

Hand Weapons
 a - a +1 dagger
 e - a +0 short sword (weapon)
Armour
 b - a +0 robe (worn)
Jewellery
 r - a +6 ring of dexterity
Wands
 f - a wand of digging (1)
Scrolls
 d - a scroll of blinking {unknown}
 i - a scroll of fear {unknown}
 j - 2 scrolls of teleportation {unknown}
 k - 3 scrolls of identify
 l - a scroll of poison {unknown}
 q - a scroll of enchant weapon {unknown}
Potions
 h - a potion of attraction {unknown}
 m - a potion of might {unknown}
 n - 2 potions of curing {unknown}
 o - a potion of heal wounds {unknown}
 p - a potion of brilliance {unknown}
 s - a potion of ambrosia {unknown}


   Skills:
 + Level 2.2 Short Blades
 + Level 2.9 Dodging
 * Level 6.1 Stealth
 * Level 3.2 Spellcasting
 + Level 5.3 Hexes


You had 8 spell levels left.
You knew the following spells:

 Your Spells              Type           Power      Damage    Failure   Level
a - Ensorcelled Hibernat  Hex/Ice        20%        N/A       6%          2

Your spell library contained the following spells:

 Spells                   Type           Power      Damage    Failure   Level
 Confusing Touch          Hex            17%        N/A       3%          3
 Tukima's Dance           Hex            17%        N/A       3%          3
 Dazzling Flash           Conj/Hex       20%        N/A       13%         3
 Vhi's Electric Charge    Tloc/Air       4%         N/A       36%         3
 Iskenderun's Mystic Bla  Conj/Tloc      2%         2d3       80%         4
 Arcjolt                  Conj/Air       1%         1d11      98%         5
 Starburst                Conj/Fire      1%         6d3       100%        6
 Maxwell's Capacitive Co  Air            1%         ∞         100%        8


Dungeon Overview and Level Annotations

Branches:
Dungeon (4/15)
 Temple: D:4-7

Altars:

Shops:
D:3 [

Annotations:
D:4 Eustachio


Innate Abilities, Weirdness & Mutations

Your natural rate of healing is accelerated.
You have razor-sharp teeth.
You have supernaturally acute eyesight. (SInv)
You are afflicted with vampirism and can become a bat while bloodless.
You have hidden genetic potential.
Your spells are a little easier to cast, but a little less powerful.


Message History

Eustachio is heavily wounded.
You hit Eustachio but do no damage.
Eustachio is heavily wounded.
Eustachio hits you with a +4 rapier!
You barely miss Eustachio.
Eustachio is heavily wounded.
Eustachio hits you with a +4 rapier!
You closely miss Eustachio.
Eustachio is heavily wounded.
Eustachio mumbles some strange words.
Eustachio blinks!
You fade into invisibility!
Eustachio says, "My allies will avenge me."
You hit Eustachio. Your bite misses Eustachio.
Eustachio is heavily wounded.
Eustachio closely misses you.
You catch the helpless Eustachio completely off-guard!
You puncture Eustachio!
Eustachio is severely wounded.
Eustachio hits you with a +4 rapier.
You closely miss Eustachio.
Eustachio is severely wounded.
Eustachio hits you with a +4 rapier.
You hit Eustachio but do no damage. You bite Eustachio, but do no damage.
Eustachio is severely wounded.
Eustachio casts a spell.
Eustachio blinks!
Eustachio hits you with a +4 rapier.
* * * LOW HITPOINT WARNING * * *
You miss Eustachio.
Eustachio is severely wounded.
Eustachio hits you with a +4 rapier.
* * * LOW HITPOINT WARNING * * *
Throw: throwing net
Press: ? - help, Q - select action, (/) - cycle Shift-Dir - straight line, f - Eustachio
Aim: Eustachio, wielding a +4 rapier and wearing a +0 leather armour (severely wounded, unable to see you, 46% to hit)
You throw a throwing net.
The throwing net completely misses Eustachio.
Eustachio hits you with a +4 rapier!
You die...

#.#### #.####..........#
#.# #.........#####.# ..#
#.####.##.# ##.## ..#
#.####.##.####...######
..#
#[......#........[....#
..# #.####..######...####.
..#######.....<.....###.##
...÷......####..###.###.#
..##..#..#####(@@.......#
.....).)........###.#####
.###..#..######. #.# >#
#..##.######. #..
.###..#...#..... ##.#
...<..........## .#
.#####..[...#.# .#
#.......# .# #.......#


You could see Eustachio (unable to see you).

Vanquished Creatures
  An orc priest (D:4)
  Jessica (D:3)
  Robin (D:3)
  3 adders
  5 orcs
  7 bats
  6 endoplasms
  A giant cockroach (D:1)
  15 goblins
  7 hobgoblins
  4 kobolds
  5 quokkas
  6 ball pythons
  4 rats
66 creatures vanquished.

Notes
Turn   | Place    | Note
-------+----------+-------------------------------------------
     0 | D:1      | Pimp the Vampire Enchanter began the quest for the Orb.
     0 | D:1      | Reached XP level 1. HP: 13/13 MP: 3/3
   212 | D:1      | Reached XP level 2. HP: 19/19 MP: 5/5
   280 | D:1      | Learned a level 2 spell: Ensorcelled Hibernation
   428 | D:1      | Reached skill level 5 in Stealth
   567 | D:2      | Gained mutation: You are afflicted with vampirism and can
                  | become a bat while bloodless. [Vampire growth]
   567 | D:2      | Reached XP level 3. HP: 21/24 MP: 3/6
   689 | D:2      | Found a faded altar of an unknown god.
  1373 | D:3      | Noticed Jessica
  1398 | D:3      | Killed Jessica
  1399 | D:3      | Reached XP level 4. HP: 30/30 MP: 4/8
  1445 | D:3      | Reached skill level 5 in Hexes
  1633 | D:3      | Noticed Robin
  1666 | D:3      | Killed Robin
  1669 | D:3      | Gained mutation: You are weak. (Str -2) [potion of
                  | mutation]
  1676 | D:3      | Lost mutation: You are weak. (Str -2) [potion of mutation]
  1676 | D:3      | Gained mutation: Your spells are a little easier to cast,
                  | but a little less powerful. [potion of mutation]
  1676 | D:3      | Gained mutation: You have hidden genetic potential. [potion
                  | of mutation]
  2021 | D:3      | Found Hiuz Gyl's Armour Boutique.
  2376 | D:4      | Reached skill level 6 in Stealth
  2376 | D:4      | Reached XP level 5. HP: 16/35 MP: 6/9
  2663 | D:4      | Noticed Eustachio
  2684 | D:4      | Slain by Eustachio

Illustrated notes

Levels and vault maps discovered:
D:1:      scummos_arrival_forest, layout_rooms
D:2:      layout_loops_ring, hellmonk_ecumenical_altar_leap_of_faith
D:3:      layout_basic, serial_shops, shop, minivault_5, uniq_robin,
          uniq_jessica
D:4:      layout_loops_ring, minmay_temple_entry_offerings, uniq_eustachio,
          uniq_blork_the_orc

Skill      XL: |  1  2  3  4 |
---------------+-------------+-----
Stealth        | 5 6 |  6.1
Short Blades   | 2 |  2.2
Hexes          | 5 |  5.3
Spellcasting   | 3 |  3.2
Dodging        | |  2.9

Action                     |  1- 3 |  4- 6 || total
---------------------------+-------+-------++-------
  Melee: Dagger            |    75 |       ||    75
         Bite              |     8 |     9 ||    17
         Short sword       |    35 |    95 ||   130
         Punch             |       |     1 ||     1
  Throw: Throwing net      |       |     1 ||     1
   Cast: Ensorcelled Hiber |     7 |    11 ||    18
    Use: Scroll            |     1 |       ||     1
         Potion            |       |     5 ||     5
   Stab: Sleeping          |    17 |    12 ||    29
         Invisible         |       |     7 ||     7
 Armour: Robe              |    12 |     2 ||    14
         Skin              |       |    13 ||    13
  Dodge: Dodged            |    70 |    47 ||   117

Table legend: (Time is in decaauts)
 A = Elapsed time spent in this place.
 B = Non-inter-level travel time spent in this place.
 C = Inter-level travel time spent in this place.
 D = Time resting spent in this place.
 E = Time spent auto-exploring this place.
 F = Levels seen in this place.
 G = Mean time per level.
                   A        B        C        D        E       F      G
               +--------+--------+--------+--------+--------+-----+--------+
         Total |   2668 |   2629 |     39 |    353 |   1687 |   4 |  667.0 |
       Dungeon |   2668 |   2629 |     39 |    353 |   1687 |   4 |  667.0 |
               +--------+--------+--------+--------+--------+-----+--------+

Top non-repeatable levels by time:
     D:3: 1257 daAuts
     D:2: 649 daAuts
     D:1: 520 daAuts
     D:4: 240 daAuts
